 Dungeon Crawl Stone Soup version 0.28-a0-472-g50180c0d78 (webtiles) character file.

Game seed: 3589843468780532033

485 DasRunzen the Skirmisher (level 6, -1/49 HPs)
             Began as a Demonspawn Cinder Acolyte on Sept 15, 2021.
             Was a High Priest of Ignis.
             Slain by a gnoll (4 damage)
             ... on level 3 of the Dungeon.
             The game lasted 00:10:20 (4694 turns).

DasRunzen the Skirmisher (DsCA)                     Turns: 4694, Time: 00:10:20

Health: -1/49      AC:  3    Str: 14 (15) XL:     6   Next: 88%
Magic:  9/9        EV: 11    Int: 15 (16) God:    Ignis [*****.]
Gold:   151        SH:  3    Dex:  9 (11) Spells: 10/10 levels left

rFire   + . .      SeeInvis .   a - +0 spear (flame)
rCold   . . .      Faith    .   i - +0 buckler
rNeg    . . .      Spirit   .   b - +0 robe
rPois   .          Reflect  .   (helmet restricted)
rElec   .          Harm     .   (no cloak)
rCorr   +          Rampage  .   (no gloves)
Will    .....                   f - +0 pair of boots
Stlth   +.........              (no amulet)
HPRegen 0.00/turn               d - ring of resist corrosion
MPRegen 0.11/turn               l - ring of flight

@: lethally poisoned (-1 -> -6), flying, inhibited regen
A: horns 1, rugged brown scales 1, demonic guardian 1, spiny 1, hooves 1, agile
1, deformed body, inhibited regeneration
a: Renounce Religion, Sea of Fire, Foxfire Swarm, Rising Flame


You were on level 3 of the Dungeon.
You worshipped Ignis.
Ignis was extremely pleased with you.
You visited 1 branch of the dungeon, and saw 4 of its levels.

You collected 151 gold pieces.

Inventory:

Hand Weapons
 a - a +0 spear of flaming (weapon)
Armour
 b - a +0 robe (worn)
 f - a +0 pair of boots (worn)
 i - a +0 buckler (worn)
Jewellery
 d - a ring of resist corrosion (left hand)
 l - a ring of flight (right hand)
Wands
 c - a wand of iceblast (6)
Scrolls
 m - a scroll of magic mapping
Potions
 e - a potion of degeneration
 g - a potion of flight {unknown}
 h - a potion of brilliance {unknown}
 j - a potion of attraction {unknown}
 k - 4 potions of curing {unknown}


   Skills:
 + Level 4.0 Fighting
 + Level 3.6 Polearms
 + Level 2.1 Armour
 + Level 2.2 Dodging
 + Level 1.8 Shields
 + Level 2.5 Spellcasting
 + Level 3.7 Fire Magic


You had 10 spell levels left.
You didn't know any spells.
Your spell library contained the following spells:

 Spells                   Type           Power      Damage    Failure   Level
 Scorch                   Fire           26%        2d6       9%          2
 Alistair's Intoxication  Tmut/Pois      0%         N/A       100%        5
 Borgnjor's Vile Clutch   Necr/Erth      0%         N/A       100%        5
 Eringya's Noxious Bog    Tmut/Pois      0%         N/A       100%        6


Dungeon Overview and Level Annotations

Branches:
Dungeon (4/15)
 Temple: D:4-7

Altars:

Annotations:
D:4 Grinder


Innate Abilities, Weirdness & Mutations

You have a pair of small horns on your head.
You are partially covered in rugged brown scales. (AC +1, +3% HP)
A weak demonic guardian rushes to your aid.
You are partially covered in sharp spines.
You have large cloven feet.
You are agile. (Dex +2)
Armour fits poorly on your strangely shaped body.
You do not regenerate when monsters are visible.


Message History

You fly downwards.
Level annotation: Grinder The scorpion is struck by your spines.
The scorpion stings you. The gnoll is struck by your spines.
The gnoll hits you with a +0 whip. The scorpion is struck by your spines.
The scorpion stings you. The gnoll is struck by your spines.
The gnoll hits you with a +0 flail.
There is a stone staircase leading up, spattered with blood here.
The gnoll barely misses you. The scorpion is struck by your spines.
The scorpion completely misses you. The gnoll closely misses you.
The gnoll hits you with a +0 flail!
You fly upwards.
There is a stone staircase leading down here.
You hit the gnoll. You burn the gnoll.
The gnoll is heavily wounded.
The scorpion closely misses you. You block the gnoll's attack.
The gnoll barely misses you.
You hit the gnoll. You burn the gnoll.
The gnoll is severely wounded.
The scorpion barely misses you. The gnoll hits you with a +0 whip!
You block the scorpion's attack. The gnoll is struck by your spines.
The gnoll hits you with a +0 flail!
You hit the gnoll. You burn the gnoll.
You kill the gnoll!
The gnoll is struck by your spines. The gnoll hits you with a +0 whip!
* * * LOW HITPOINT WARNING * * *
The scorpion stings you.
* * * LOW HITPOINT WARNING * * *
A demonic guardian appears!
You are lethally poisoned!
The scorpion poisons you!
* * * LOW HITPOINT WARNING * * *
You feel sick.
Things that are here:
a +0 flail; a gnoll corpse It was a potion of degeneration.
There was something very wrong with that liquid.
You feel weakened.
You feel dopey.
You feel clumsy.
* * * LOW HITPOINT WARNING * * *
You feel sick. The gnoll hits you with a +0 whip.
You die...

..............##.# #.#
...........#'###.# #.#
....)...##.#.# #.# #.#
#####'####.#.# #.# #.# #.#
#.#.# #.# #.# #.## #.#.###.#
#.# #..# #.#..(..# #.#
######.###.#.###############.#
..............sg@.........##.#
######..##.#..5##########.##.#
##.##.#........# #.##.#
#..#.#.#.####.# #.##.#
##.#.#.#.####.# #.##.# #####
#.#.#........# #.##.#
....####)#.###.###### #.##.#
###....#<..# #.# #.##.##
#.^..#...# #.# #.....#


You could see a scorpion, a gnoll (ally target) and a friendly quasit
(summoned).

Vanquished Creatures
  A steam dragon (D:3)
  An ogre (D:3)
  A hound (D:3)
  A jelly (D:3)
  An orc priest (D:3)
  Ijyb (D:3)
  3 adders
  4 gnolls
  A worm (D:2)
  A dart slug (D:1)
  9 orcs (D:3)
  9 endoplasms
  5 giant cockroaches
  3 hobgoblins
  2 jackals (D:2)
  6 kobolds
  2 quokkas
  3 ball pythons
  8 bats
  5 frilled lizards (D:2)
  4 goblins
  6 rats
77 creatures vanquished.

Vanquished Creatures (collateral kills)
  A gnoll (D:2)
  A frilled lizard (D:2)
2 creatures vanquished.

Grand Total: 79 creatures vanquished

Notes
Turn   | Place    | Note
-------+----------+-------------------------------------------
     0 | D:1      | DasRunzen the Demonspawn Cinder Acolyte began the quest for
                  | the Orb.
     0 | D:1      | Reached XP level 1. HP: 18/18 MP: 2/2
    84 | D:1      | Gained mutation: A weak demonic guardian rushes to your
                  | aid. [demonic ancestry]
    84 | D:1      | Reached XP level 2. HP: 10/24 MP: 3/3
   549 | D:1      | You fall into a shaft and drop 1 floor!
  1109 | D:2      | Found a faded altar of an unknown god.
  1161 | D:2      | Gained mutation: You are partially covered in rugged brown
                  | scales. (AC +1, +3% HP) [demonic ancestry]
  1161 | D:2      | Reached XP level 3. HP: 15/29 MP: 5/5
  2042 | D:2      | Reached skill level 1 in Armour
  2114 | D:2      | Reached skill level 1 in Dodging
  2257 | D:2      | Gained mutation: You are agile. (Dex +2) [potion of
                  | mutation]
  2257 | D:2      | Gained mutation: Armour fits poorly on your strangely
                  | shaped body. [potion of mutation]
  2257 | D:2      | Gained mutation: You do not regenerate when monsters are
                  | visible. [potion of mutation]
  2257 | D:2      | Gained mutation: You have large cloven feet. [potion of
                  | mutation]
  2286 | D:3      | Gained mutation: You have a pair of small horns on your
                  | head. [demonic ancestry]
  2286 | D:3      | Reached XP level 4. HP: 36/36 MP: 6/6
  2963 | D:3      | Noticed Ijyb
  2976 | D:3      | Killed Ijyb
  2977 | D:3      | Reached XP level 5. HP: 28/42 MP: 7/7
  3407 | D:3      | Noticed a steam dragon
  3416 | D:3      | Killed a steam dragon
  3417 | D:3      | Reached skill level 1 in Shields
  3417 | D:3      | Gained mutation: You are partially covered in sharp spines.
                  | [demonic ancestry]
  3417 | D:3      | Reached XP level 6. HP: 36/49 MP: 7/9
  4131 | D:4      | Noticed Grinder
  4132 | D:4      | Paralysed by Grinder for 3 turns
  4400 | D:3      | Reached skill level 4 in Fighting
  4694 | D:3      | Slain by a gnoll

Illustrated notes

Levels and vault maps discovered:
D:1:      arrival_zaba_pyramid, layout_basic, corexii_item_surrounded_by_moat
D:2:      layout_loops_cross, serial_glass, glass_columns_a, glass_columns_b,
          chequers_ecumenical_altar_simple, minmay_quantized
D:3:      layout_basic, uniq_ijyb
D:4:      layout_loops_ring, yredelemnul_forgotten_temple_becter, slow_altar_2,
          serial_shops, nicolae_square_shop, lexackson_kobold_supper,
          uniq_grinder

Skill      XL: |  1  2  3  4  5  6 |
---------------+-------------------+-----
Fire Magic     | 3 |  3.7
Polearms       | 3 |  3.6
Armour         | 1 2 |  2.1
Dodging        | 1 2 |  2.2
Shields        | 1 |  1.8
Spellcasting   | 2 |  2.5
Fighting       | 4 |  4.0

Action                   |  1- 3 |  4- 6 || total
-------------------------+-------+-------++-------
Melee: Spear             |   151 |   149 ||   300
       Headbutt          |       |    18 ||    18
Evoke: Wand              |       |     3 ||     3
  Use: Scroll            |     5 |       ||     5
       Potion            |     1 |     1 ||     2
 Stab: Sleeping          |     4 |     1 ||     5
       Distracted        |       |     1 ||     1
Armor: Robe              |    28 |    20 ||    48
Dodge: Dodged            |    70 |    67 ||   137
Block: Buckler           |     6 |    20 ||    26

Table legend: (Time is in decaauts)
 A = Elapsed time spent in this place.
 B = Non-inter-level travel time spent in this place.
 C = Inter-level travel time spent in this place.
 D = Time resting spent in this place.
 E = Time spent auto-exploring this place.
 F = Levels seen in this place.
 G = Mean time per level.
                   A        B        C        D        E       F      G
               +--------+--------+--------+--------+--------+-----+--------+
         Total |   4696 |   4608 |     88 |   1049 |   2880 |   4 | 1174.0 |
       Dungeon |   4696 |   4608 |     88 |   1049 |   2880 |   4 | 1174.0 |
               +--------+--------+--------+--------+--------+-----+--------+

Top non-repeatable levels by time:
     D:3: 1931 daAuts
     D:2: 1617 daAuts
     D:1: 1091 daAuts
     D:4: 57 daAuts
